 Dungeon Crawl Stone Soup version 0.31.0-32-g396128a36d (webtiles) character file.

Game seed: 1765186046062220395

2384 Yva1n the Fighter (level 9, -3/97 HPs)
             Began as an Oni Cinder Acolyte on Mar 9, 2024.
             Was a Believer of Ignis.
             Slain by a howler monkey (4 damage)
             ... on level 7 of the Dungeon.
             The game lasted 00:34:36 (8055 turns).

Yva1n the Fighter (Oni Cinder Acolyte)              Turns: 8055, Time: 00:34:37

Health: -3/97      AC:  3    Str: 24    XL:     9   Next: 45%
Magic:  15/15      EV:  9    Int: 15    God:    Ignis [**....]
Gold:   292        SH:  0    Dex:  4    Spells: 17/17 levels left

rFire   + . .        e - +3 trident (drain)
rCold   + . .        z - orb {guile}
rNeg    . . .        b - +0 robe
rPois   .            (helmet restricted)
rElec   .            (no cloak)
rCorr   .            (gloves unavailable)
SInv    .            (boots unavailable)
Will    .....        (no amulet)
Stlth   +            l - ring of protection from cold
HPRegen 0.36/turn    (no ring)
MPRegen 0.14/turn

%: no passive effects
@: lethally poisoned (-3 -> -8)
A: large, unfitting armour, horns 1, tough skin 1, double potion healing,
drunken brawling
a: Renounce Religion, Fiery Armour, Foxfire Swarm, Rising Flame


You were on level 7 of the Dungeon.
You worshipped Ignis.
Ignis was pleased with you.
You visited 1 branch of the dungeon, and saw 7 of its levels.

You collected 358 gold pieces.
You spent 66 gold pieces at shops.

Inventory:

Hand Weapons
 a - a -1 hand axe of flaming
 e - a +3 trident of draining (weapon)
 y - a +2 heavy flail
 A - the +9 dagger of Wostreik {holy, *Slow rF++ rN+++ Stlth+}
   (You found it on level 7 of the Dungeon)

   rF++:      It greatly protects you from fire.
   rN+++:     It renders you almost immune to negative energy.
   *Slow:     It may slow you when you take damage.
   Stlth+:    It makes you more stealthy.
Armour
 b - a +0 robe (worn)
 z - an orb of guile (worn)
Jewellery
 l - a ring of protection from cold (left hand)
 B - an amulet of magic regeneration
Talismans
 o - a serpent talisman
 p - a maw talisman
Wands
 x - a wand of flame (23)
Scrolls
 c - a scroll of summoning {unknown}
 d - a scroll of enchant armour {unknown}
 g - a scroll of identify
 k - a scroll of blinking {unknown}
 m - a scroll of brand weapon {unknown}
 n - 3 scrolls of fog
 r - a scroll of noise {unknown}
 t - a scroll of vulnerability {unknown}
 v - a scroll of amnesia {unknown}
Potions
 f - 2 potions of heal wounds
 h - a potion of invisibility
 i - 2 potions of curing
 j - a potion of haste {unknown}
 q - a potion of magic
 s - a potion of degeneration {unknown}
 u - 2 potions of lignification


   Skills:
 * Level 8.8 Fighting
 + Level 7.3(7.8) Axes
 + Level 2.5(5.3) Maces & Flails
 * Level 2.2(5.1) Polearms
 + Level 4.1 Dodging
 * Level 4.6 Spellcasting
 * Level 4.7 Fire Magic


You had 17 spell levels left.
You didn't know any spells.
Your spell library contained the following spells:

 Spells                   Type           Power      Damage    Failure   Level
 Scorch                   Fire           34%        2d6       3%          2
 Ensorcelled Hibernation  Hex/Ice        6%         N/A       26%         2
 Passwall                 Erth           3%         N/A       45%         3
 Swiftness                Air            3%         N/A       45%         3


Dungeon Overview and Level Annotations

Branches:
Dungeon (7/15)             Temple (0/1) D:6

Altars:
Elyvilon
Qazlal
Wu Jian

Shops:
D:5 **

Annotations:
D:3 2 transporters


Innate Abilities, Weirdness & Mutations

You are too large for most types of armour.
You have a pair of small horns on your head.
You have tough skin. (AC +1)
You gain doubled healing and magic from potions.
Whenever you drink a healing potion, you attack all around you.


Message History

The kobold throws a poisoned dart.
The poisoned dart hits you!
You are poisoned.
Something hits the bush but does no damage.
You hear a shout!
You hear a howl! x2
You closely miss the howler monkey.
You feel very sick.
The gnoll sergeant hits you from afar with a +0 trident!
The howler monkey hits you.
Something hits the bush but does no damage.
The kobold throws a poisoned dart.
The poisoned dart closely misses you.
You barely miss the howler monkey. Your headbutt misses the howler monkey.
You feel sick. The howler monkey hits you.
The gnoll sergeant hits you from afar with a +0 trident!
* * * LOW HITPOINT WARNING * * *
The kobold hits the bush but does no damage.
Something hits the bush but does no damage.
You closely miss the howler monkey. Your headbutt misses the howler monkey.
You feel sick.
The howler monkey hits you but does no damage.
The gnoll sergeant hits you from afar with a +0 trident!
* * * LOW HITPOINT WARNING * * *
Something hits the bush but does no damage.
Something hits the bush!
The kobold throws a poisoned dart.
The poisoned dart closely misses you.
You puncture the howler monkey! You headbutt the howler monkey.
The howler monkey is heavily wounded.
You feel sick. The howler monkey barely misses you.
The gnoll sergeant hits you from afar with a +0 trident!
* * * LOW HITPOINT WARNING * * *
The howler monkey hoots and howls with incredible vigour!
Something hits the bush but does no damage.
The kobold throws a poisoned dart.
The poisoned dart hits you!
You are lethally poisoned!
Something hits the bush but does no damage.
You hit the howler monkey.
The howler monkey is almost dead.
* * * LOW HITPOINT WARNING * * *
You feel very sick. The gnoll sergeant barely misses you.
The howler monkey hits you.
You die...

##....P♣♣...........~~~....
.....P.♣...PKK..PP.~~~...#
#.. ♣.P...♣P♣P♣♣..~⌠~..##
#..♣♣♣.....P♣.P...~~~..#
#......................#
#......................#
#.......g......##..###
##.....)hK#...## ###
##....@..#...##
##.....<.......##
#......##.###...#
##.........#..###
###)......#.## #.......#.#
##........# ##......##
......##


You could see a gnoll sergeant, a howler monkey (catching breath) and 2 kobolds.

Vanquished Creatures
  Jeremiah (D:6)
  Edmund (D:6)
  A water moccasin (D:6)
  An ice beast (D:5)
  A sky beast (D:7)
  3 black bears
  2 phantoms
  3 centaurs
  6 scorpions
  A killer bee (D:7)
  A bombardier beetle (D:4)
  5 hounds
  A gnoll bouda (D:6)
  2 orc priests
  A sleepcap (D:6)
  Natasha (thrice) (D:3)
  3 iguanas
  7 gnolls
  6 adders
  2 shadow imps
  3 white imps
  2 dart slugs (D:5)
  12 orcs
  4 bats
  6 endoplasms
  4 giant cockroaches (D:3)
  7 goblins
  5 hobgoblins
  11 kobolds
  6 quokkas
  3 ball pythons (D:1)
  3 frilled lizards
  5 rats
122 creatures vanquished.

Vanquished Creatures (others)
  A giant cockroach (D:4)
  35 foxfires
36 creatures vanquished.

Grand Total: 158 creatures vanquished

Notes
Turn   | Place    | Note
-------+----------+-------------------------------------------
     0 | D:1      | Yva1n the Oni Cinder Acolyte began the quest for the Orb.
     0 | D:1      | Reached XP level 1. HP: 24/24 MP: 2/2
   112 | D:1      | Reached XP level 2. HP: 30/32 MP: 3/3
   543 | D:1      | Reached XP level 3. HP: 26/40 MP: 4/4
  1614 | D:3      | Found a faded altar of an unknown god.
  1665 | D:3      | Noticed Natasha
  1670 | D:3      | Killed Natasha
  1671 | D:3      | Reached XP level 4. HP: 49/49 MP: 6/6
  1690 | D:3      | Reached skill level 1 in Dodging
  1777 | D:3      | Found a stormy altar of Qazlal.
  1866 | D:3      | Noticed Natasha
  1872 | D:3      | Killed Natasha
  1873 | D:3      | Reached XP level 5. HP: 43/55 MP: 7/7
  2082 | D:3      | Found a transporter.
  2083 | D:3      | Found a transporter.
  2173 | D:3      | Noticed Natasha
  2181 | D:3      | Killed Natasha
  2297 | D:4      | Reached skill level 5 in Fighting
  2445 | D:4      | Found a white marble altar of Elyvilon.
  2457 | D:4      | Noticed a phantom
  2478 | D:4      | Killed a phantom
  2479 | D:4      | Reached skill level 5 in Axes
  2479 | D:4      | Reached XP level 6. HP: 48/66 MP: 9/9
  3137 | D:4      | Found an ornate altar of the Wu Jian Council.
  3142 | D:4      | Reached XP level 7. HP: 68/72 MP: 10/10
  3419 | D:5      | Entered Level 5 of the Dungeon
  3742 | D:5      | Reached skill level 6 in Fighting
  3760 | D:5      | HP: 3/75 [scorpion (4)]
  4272 | D:5      | Found Cics's Specific Store.
  4273 | D:5      | Found Pausumec's General Store.
  4278 | D:5      | Bought 2 potions of curing for 66 gold pieces
  4611 | D:5      | Reached XP level 8. HP: 59/84 MP: 12/12
  5103 | D:6      | Reached skill level 7 in Fighting
  5287 | D:6      | HP: 1/87 [water moccasin (6)]
  5669 | D:6      | Noticed Edmund
  5699 | D:6      | Killed Edmund
  5908 | D:6      | Found a staircase to the Ecumenical Temple.
  5914 | D:6      | Noticed Jeremiah
  6778 | D:6      | Killed Jeremiah
  6779 | D:6      | Reached skill level 8 in Fighting
  6779 | D:6      | Reached skill level 1 in Maces & Flails
  6779 | D:6      | Reached XP level 9. HP: 62/96 MP: 15/15
  7156 | D:6      | Reached skill level 1 in Polearms
  7599 | D:7      | Identified the +9 dagger of Wostreik {holy, *Slow rF++
                  | rN+++ Stlth+}
  8054 | D:7      | HP: 4/97 [gnoll sergeant/+0 trident (8)]
  8055 | D:7      | HP: 1/97 [poisoned by a kobold]
  8055 | D:7      | Slain by a howler monkey

Illustrated notes

Levels and vault maps discovered:
D:1:      minmay_arrival_split_and_join, layout_basic, minmay_misc_feat_five,
          kennysheep_minor_cross
D:2:      layout_basic
D:3:      gammafunk_wand_slinger, layout_basic, grunt_qazlal_sundering,
          serial_glass, glass_columns_b, glass_columns_b, glass_columns_b,
          glass_columns_a, glass_columns_c, glass_columns_b, glass_columns_c,
          glass_columns_b, glass_columns_c, glass_columns_a,
          ebering_ecumenical_altar_mist, uniq_natasha
D:4:      layout_loops_cross, elyvilon_altar_4,
          nicolae_wu_jian_immortal_techniques, st_stairs_14,
          minmay_misc_feat_diagonals
D:5:      layout_loops_corners, nicolae_specific_store
D:6:      hellmonk_destroyed_diamonds, layout_cave_pools,
          minmay_temple_entry_glassed_door, uniq_jeremiah, uniq_edmund
D:7:      layout_cave_pools, serial_park, serial_park_gazebo
          [serial_park_minivault_5x5_6], serial_park_tiny_1, serial_park_square1
          [serial_park_minivault_5x5_8], serial_park_paths
          [serial_park_minivault_5x5_6], serial_park_tiny_1, serial_park_tiny_2

Skill      XL: |  1  2  3  4  5  6  7  8  9 |
---------------+----------------------------+-----
Axes           | 4 5 6 7 |  7.3
Fire Magic     | 3 4 |  4.7
Dodging        | 1 2 3 4 |  4.1
Fighting       | 5 6 8 |  8.8
Spellcasting   | 2 3 4 |  4.6
Maces & Flails | 1 2 |  2.5
Polearms       | 2 |  2.2

Action                     |  1- 3 |  4- 6 |  7- 9 || total
---------------------------+-------+-------+-------++-------
  Melee: Hand axe          |   115 |   123 |   195 ||   433
         Headbutt          |     5 |    19 |    46 ||    70
         Punch             |     1 |       |     3 ||     4
         Flail             |       |       |    32 ||    32
         War axe           |       |       |    13 ||    13
         Trident           |       |       |    70 ||    70
 Invoke: Foxfire Swarm     |     1 |     1 |     2 ||     4
         Fiery Armour      |       |     1 |     2 ||     3
    Use: Scroll            |     1 |     1 |     6 ||     8
         Potion            |       |       |     2 ||     2
 Armour: Robe              |    84 |    92 |   312 ||   488
  Dodge: Dodged            |    68 |    62 |   140 ||   270
